 Dungeon Crawl Stone Soup version 0.15.1-1-gfacfea3 (webtiles) character file.

5382 Chiseanne the Fighter (level 10, -10/121 HPs)
             Began as an Ogre Fighter on Sept 30, 2014.
             Was a Priest of Okawaru.
             Mangled by an orc warrior
             ... wielding a +0 halberd
              (17 damage)
             ... on Level 9 of the Dungeon.
             The game lasted 00:38:50 (12521 turns).

Chiseanne the Fighter (Ogre Fighter)               Turns: 12521, Time: 00:38:51

HP -10/121       AC  6     Str 26      XL: 10   Next: 66%
MP  15/15        EV 12     Int  7      God: Okawaru [***...]
Gold 438         SH 18     Dex  9      Spells:  0 memorised,  9 levels left

rFire  . . .     SeeInvis .     d - +1 bastard sword
rCold  . . .     Clarity  .     F - +0 robe (curse)
rNeg   . . .     rCorr    .     K - +1 large shield {reflect}
rPois  +         rRot     .     (helmet restricted)
rElec  .         Spirit   .     t - +2 cloak
SustAb .         Warding  .     (gloves unavailable)
rMut   .         Stasis   .     (boots unavailable)
Gourm  .                        (no amulet)
MR     +....                    (no ring)
                                B - +2 ring of evasion

@: somewhat resistant to hostile enchantments, very unstealthy
A: unfitting armour, horns 1, poison resistance, robust 1, tough skin 1
a: Heroism, Renounce Religion


You were on level 9 of the Dungeon.
You worshipped Okawaru.
Okawaru was most pleased with you.
You were not hungry.

You visited 2 branches of the dungeon, and saw 10 of its levels.

You collected 438 gold pieces.

Inventory:

Hand weapons
 a - a +1 war axe
 d - a +1 bastard sword (weapon)
 h - a +0 blowgun
 q - a +0 giant spiked club
 s - a +2 flail of holy wrath
 w - a +0 blowgun
Missiles
 j - 46 poisoned needles
 o - 9 curare-tipped needles
 u - 6 tomahawks
 y - a poisoned tomahawk (quivered)
 H - 6 javelins
Armour
 t - a +2 cloak (worn)
 F - a cursed +0 robe (worn)
 K - a +1 large shield of reflection (worn)
Magical devices
 A - a wand of disintegration (5)
 D - a wand of enslavement (7)
 I - a wand of fire (0)
Comestibles
 b - 3 rotting chunks of black bear flesh
 c - a beef jerky
 m - 6 bread rations
 z - a royal jelly
 G - 5 meat rations
Scrolls
 e - 2 scrolls of fog
 l - 6 scrolls of remove curse
 p - 3 scrolls of identify
 r - 2 scrolls of recharging
Jewellery
 g - an uncursed ring of fire
 B - a +2 ring of evasion (left hand)
Potions
 i - 2 potions of resistance
 k - a potion of curing
 n - a potion of cancellation
 C - 2 potions of mutation
Rods
 x - a +0 rod of clouds (14/14)
   (You found it on level 6 of the Dungeon)


   Skills:
 * Level 10.3 Fighting
 - Level 1.3(1.9) Axes
 - Level 3.5(4.0) Maces & Flails
 * Level 9.7 Dodging
 * Level 7.8 Shields
 * Level 3.0 Evocations


You had 9 spell levels left.
You didn't know any spells.

Dungeon Overview and Level Annotations

Branches:
Dungeon (9/15)             Temple (1/1) D:4
    Orc: D:9-12        Lair: D:8-11

Altars:
Ashenzari
Cheibriados
Dithmenos
Elyvilon
Fedhas
Kikubaaqudgha
Makhleb
Nemelex Xobeh
Okawaru
Qazlal
Sif Muna
Trog
Vehumet
Xom
Yredelemnul
Zin
The Shining One

Annotations:
D:7 exclusion: 2 downstairs


Innate Abilities, Weirdness & Mutations

You are too large for most types of armour.
You have tough skin (AC +1).
You have a pair of small horns on your head.
Your system is resistant to poisons.
You are robust (+10% HP).


Message History

Your orc warrior hits the orc with a halberd!!
The orc dies!
The orc warrior barely misses you.
You barely miss the green rat.
You headbutt the green rat, but do no damage.
You block the bat's attack. x2
You block the orc's attack. The bat closely misses you.
Your orc warrior barely misses the green rat.
The orc warrior hits you from afar with a halberd!
* * * LOW HITPOINT WARNING * * *
The green rat bites you but does no damage.
The bat hits you.
* * * LOW HITPOINT WARNING * * *
The orc closely misses you.
Drink which item? (? for menu, Esc to quit)
You feel better. You block the bat's attack.
Your orc warrior hits the green rat with a halberd!!
The green rat dies!
The orc warrior hits you from afar with a halberd!
You die...

##.#....##.#
#<..###.##.####
##).#.........
#....#.#...# #
#.#..#.##.###..##
#.#.............#
#.##...#..###..##
.....###bo##
....#.# #@).#
.....#.# #o#.#
....#.# #o#...
... ... .o..o...
. #..........##
#..........#
......... .......
...


You could see an orc warrior, 2 orcs, a bat and a friendly orc warrior
(unaware).

Vanquished Creatures
  Prince Ribbit (D:4)
  The ghost of gigot the Insei, an average GrMo (D:3)
  A spriggan (D:8)
  A hill giant zombie (D:8)
  A hippogriff (D:8)
  Edmund (D:4)
  3 orc warriors
  6 ogres
  2 black bears
  2 sky beasts
  6 centaurs
  A phantom (D:7)
  13 big kobolds (D:8)
  Blork the orc (D:4)
  3 giant frogs
  3 jellies
  2 scorpions
  3 wights (D:6)
  2 goliath beetles
  A giant frog skeleton (D:4)
  An elf zombie (D:8)
  4 orc priests
  5 hounds
  An iron imp (D:3)
  2 iguanas
  8 worker ants
  Natasha (twice) (D:3)
  6 orc wizards
  A big kobold zombie (D:8)
  A hound skeleton (D:6)
  13 adders
  A giant mite (D:2)
  A goliath beetle zombie (D:7)
  3 worms (D:2)
  An iguana skeleton (D:7)
  An orc skeleton (D:6)
  An ooze (D:3)
  30 orcs
  15 bats
  2 bat skeletons
  8 goblins
  17 hobgoblins
  20 kobolds
  5 quokkas
  A ball python (D:1)
  9 giant cockroaches
  8 giant geckos
  3 giant newts
  8 jackals
  25 rats
  A rat skeleton (D:5)
  2 butterflies (D:4)
260 creatures vanquished.

Vanquished Creatures (collateral kills)
  A green rat (D:9)
  2 orcs (D:9)
3 creatures vanquished.

Vanquished Creatures (others)
  4 kobolds (D:8)
4 creatures vanquished.

Grand Total: 267 creatures vanquished

Notes
Turn   | Place    | Note
--------------------------------------------------------------
     0 | D:1      | Chiseanne, the Ogre Fighter, began the quest for the Orb.
     0 | D:1      | Reached XP level 1. HP: 24/24 MP: 1/1
   121 | D:1      | Reached XP level 2. HP: 32/32 MP: 2/2
  1173 | D:2      | Reached XP level 3. HP: 30/40 MP: 3/3
  1556 | D:2      | Reached XP level 4. HP: 34/49 MP: 4/4
  1698 | D:2      | Gained mutation: You have difficulty communicating with the divine. [potion of mutation]
  1698 | D:2      | Gained mutation: You have a pair of small horns on your head. [potion of mutation]
  2301 | D:3      | Noticed gigot's ghost (average GrMo)
  2320 | D:3      | Killed gigot's ghost
  2320 | D:3      | Reached skill level 5 in Fighting
  2320 | D:3      | Reached XP level 5. HP: 39/57 MP: 5/5
  2320 | D:3      | Reached XP level 6. HP: 45/66 MP: 6/6
  2476 | D:3      | Noticed a sky beast
  2490 | D:3      | Killed a sky beast
  2490 | D:3      | Reached skill level 5 in Dodging
  3054 | D:3      | Noticed Natasha
  3073 | D:3      | Killed Natasha
  3266 | D:3      | Noticed Natasha
  3272 | D:3      | Killed Natasha
  3272 | D:3      | Reached XP level 7. HP: 61/74 MP: 7/7
  3458 | D:4      | Reached skill level 6 in Fighting
  3699 | D:4      | Found a sparkling altar of Nemelex Xobeh.
  3750 | D:4      | Found a staircase to the Ecumenical Temple.
  3756 | Temple   | Entered the Ecumenical Temple
  3857 | Temple   | Became a worshipper of Warmaster Okawaru
  3872 | D:4      | Noticed Edmund
  3894 | D:4      | Killed Edmund
  3894 | D:4      | Reached skill level 1 in Maces & Flails
  4418 | D:4      | Reached XP level 8. HP: 72/84 MP: 8/8
  4460 | D:4      | Noticed Prince Ribbit
  4494 | D:4      | Killed Prince Ribbit
  4494 | D:4      | Reached skill level 7 in Fighting
  4494 | D:4      | Reached skill level 5 in Shields
  4755 | D:4      | Noticed Blork the orc
  4764 | D:4      | Killed Blork the orc
  4764 | D:4      | Acquired Okawaru's first power
  5231 | D:5      | Entered Level 5 of the Dungeon
  5975 | D:6      | Reached skill level 8 in Fighting
  6086 | D:6      | Reached XP level 9. HP: 85/96 MP: 9/9
  6194 | D:6      | Identified a +0 rod of clouds (14/14) (You found it on level 6 of the Dungeon)
  6628 | D:6      | Reached skill level 1 in Evocations
  7699 | D:7      | Reached skill level 9 in Fighting
  7801 | D:7      | Lost mutation: You have difficulty communicating with the divine. [potion of mutation]
  7801 | D:7      | Gained mutation: Your system is resistant to poisons. [potion of mutation]
  7801 | D:7      | Gained mutation: You are robust (+10% HP). [potion of mutation]
  8889 | D:8      | Reached XP level 10. HP: 58/119 MP: 13/13
  9466 | D:8      | Identified a scroll of acquirement
  9744 | D:8      | Reached skill level 10 in Fighting
 12520 | D:9      | HP: 3/121 [orc warrior/halberd (14)]
 12521 | D:9      | Mangled by an orc warrior

Action                   |  1- 3 |  4- 6 |  7- 9 | 10-12 || total
-------------------------+-------+-------+-------+-------++-------
Melee: War axe           |   101 |   127 |   329 |    29 ||   586
       Bastard sword     |       |       |    36 |   214 ||   250
       Flail             |       |       |    14 |       ||    14
 Fire: Blowgun           |       |       |     4 |       ||     4
Throw: Tomahawk          |       |       |    25 |    10 ||    35
Invok: Heroism           |       |       |       |     1 ||     1
Evoke: Wand              |       |       |     1 |     9 ||    10
  Use: Scroll            |     4 |     5 |     3 |     9 ||    21
       Potion            |       |     9 |     5 |     5 ||    19
 Stab: Invisible         |       |       |     2 |       ||     2
  Eat: Chunk             |     2 |     6 |    15 |     6 ||    29
       Beef jerky        |       |       |     2 |     1 ||     3
       Fruit             |       |       |       |     5 ||     5
       Pizza             |       |       |       |     1 ||     1
